 Dungeon Crawl Stone Soup version 0.31-a0-210-gccc998df9b (webtiles) character file.

Game seed: 17403215792373830877

305 Dittersdorf the Covered (level 6, -2/39 HPs)
             Began as a Gargoyle Fighter on June 29, 2023.
             Slain by a killer bee (7 damage)
             ... on level 5 of the Dungeon.
             The game lasted 00:03:20 (1545 turns).

Dittersdorf the Covered (Gargoyle Fighter)          Turns: 1545, Time: 00:03:20

Health: -2/39      AC: 13    Str: 21    XL:     6   Next: 39%
Magic:  6/6        EV:  9    Int:  9    God:
Gold:   135        SH:  4    Dex:  9    Spells: 5/5 levels left

rFire   . . .        a - +1 flail
rCold   . . .        c - +0 buckler
rNeg    + . .        b - +0 scale mail
rPois   ∞            (no helmet)
rElec   +            r - +1 cloak
rCorr   .            (no gloves)
SInv    .            (no boots)
Will    .....        (no amulet) Stlth
                     h - ring of wizardry
HPRegen 0.26/turn    (no ring)
MPRegen 0.10/turn

%: wizardry (x1)
@: no status effects
A: sickness immunity, AC +4, negative energy resistance 1, electricity
resistance, torment resistance 1, petrification resistance
a: no special abilities


You were on level 5 of the Dungeon.
You visited 1 branch of the dungeon, and saw 4 of its levels.

You collected 135 gold pieces.

Inventory:

Hand Weapons
 a - a +1 flail (weapon)
Missiles
 k - a curare-tipped dart (quivered)
Armour
 b - a +0 scale mail (worn)
 c - a +0 buckler (worn)
 r - a +1 cloak (worn)
Jewellery
 h - a ring of wizardry (left hand)
Wands
 l - a wand of iceblast (8)
Scrolls
 q - a scroll of teleportation
Potions
 d - 2 potions of might
 e - a potion of invisibility {unknown}
 f - 2 potions of lignification {unknown}
 n - a potion of brilliance {unknown}
 o - 2 potions of cancellation {unknown}
 s - 2 potions of curing {unknown}


   Skills:
 + Level 4.7 Fighting
 + Level 3.6 Maces & Flails
 + Level 4.8 Armour
 + Level 4.7 Shields


You had 5 spell levels left.
You didn't know any spells.
Your spell library was empty.

Dungeon Overview and Level Annotations

Branches:
Dungeon (5/15)             Temple (0/1) D:5

Altars:
Ru
Vehumet


Innate Abilities, Weirdness & Mutations

You are immune to sickness and miasma.
Your stone body is resilient. (AC +4)
You are immune to poison.
You resist negative energy. (rN+)
You are resistant to electric shocks. (rElec)
You are resistant to unholy torment.
You are immune to petrification.


Message History

You hit Eustachio.
Eustachio is severely wounded.
The ufetubus disappears in a puff of smoke!
The bat hits you. The bat hits you but does no damage.
The rat bites you but does no damage. The adder barely misses you.
Eustachio mumbles some strange words.
Eustachio blinks!
The rat barely misses you. The adder attacks as you move away!
The adder bites you but does no damage. The bat hits you.
The bat hits you but does no damage. You block the bat's attack.
You block the killer bee's attack. The bat hits you but does no damage.
You block Eustachio's attack. The killer bee barely misses you.
You thump Eustachio!
Eustachio is almost dead.
The bat closely misses you.
The killer bee stings you but does no damage.
The killer bee stings you. You block the killer bee's attack.
The killer bee stings you but does no damage.
The adder bites you but does no damage. Eustachio hits you but does no damage.
The killer bee stings you.
* * * LOW HITPOINT WARNING * * *
The killer bee stings you.
* * * LOW HITPOINT WARNING * * *
You hit Eustachio.
You kill Eustachio!
The rat disappears in a puff of smoke!
The bat disappears in a puff of smoke!
The killer bee stings you but does no damage. x2
The adder bites you but does no damage. The killer bee stings you.
* * * LOW HITPOINT WARNING * * *
The killer bee stings you but does no damage.
You block the killer bee's attack. The killer bee closely misses you.
The killer bee stings you but does no damage.
The adder misses you.
You have reached level 6!
The killer bee attacks as you move away!
The killer bee stings you.
* * * LOW HITPOINT WARNING * * *
The killer bee stings you!
You die...

*,* *,* #........$.$..#.≈.≈
*,* *,* #...###.#######.≈..
*,* *,* ##.## #.# #####†.≈≈
*,* *,* #.# #.# ####.####
*,* *,***#.# #.# ####.#.##
*,* *,,,,..# #.# ####...##
*,* **####### #†# ######.##
*,* #.Sy..# #.# ######(##
*,* #§y.@.###.#* #.#* *,*
#.yyy§...#.# #..< *,*
##..5§§###.##** ###* *,*
#.......#*#..,****** * *,*
#..###.##,*###*,,,,* * *,*
#.## ###*+*,,,+,**,* * *,*
#.# *,,*,,,*,**,* *
*,***#.#* ***,,+,,,*,,,,***
*,,,,#..***,***********+**,


You could see 5 killer bees, an adder and an ufetubus.

Vanquished Creatures
  Eustachio (D:5)
  A hound (D:5)
  An iguana (D:5)
  3 adders
  An ufetubus (D:5)
  A worm (D:2)
  2 orcs (D:3)
  4 ball pythons
  6 bats
  6 endoplasms
  2 giant cockroaches (D:1)
  9 goblins
  7 hobgoblins
  8 jackals
  A quokka (D:1)
  A frilled lizard (D:2)
  7 kobolds
  2 rats
63 creatures vanquished.

Notes
Turn   | Place    | Note
-------+----------+-------------------------------------------
     0 | D:1      | Dittersdorf the Gargoyle Fighter began the quest for the
                  | Orb.
     0 | D:1      | Reached XP level 1. HP: 14/14 MP: 1/1
    53 | D:1      | Reached XP level 2. HP: 19/19 MP: 2/2
   364 | D:1      | Reached XP level 3. HP: 21/23 MP: 3/3
   753 | D:2      | Found a sacrificial altar of Ru.
   831 | D:2      | Found a faded altar of an unknown god.
  1153 | D:3      | Reached XP level 4. HP: 29/29 MP: 4/4
  1295 | D:3      | You fall into a shaft and drop 2 floors!
  1295 | D:5      | Entered Level 5 of the Dungeon
  1298 | D:5      | Found a radiant altar of Vehumet.
  1318 | D:5      | Reached XP level 5. HP: 18/33 MP: 5/5
  1510 | D:5      | Noticed Eustachio
  1544 | D:5      | Killed Eustachio
  1545 | D:5      | Reached XP level 6. HP: 6/39 MP: 6/6
  1545 | D:5      | Slain by a killer bee

Illustrated notes

Levels and vault maps discovered:
D:1:      minmay_arrival_jagged, layout_basic, minmay_misc_feat_x
D:2:      layout_rooms, shapermc_ecumenical_altar_notcrosses, basic_altar
D:3:      layout_rooms, okawaru_ov_weapons_minmay,
          lemuel_zombie_altar_kikubaaqudgha
D:5:      minmay_clustersquares, layout_loops_ring, trog_book,
          mainiacjoe_overflow_paths, gammafunk_temple_overflow_wave,
          minmay_temple_entry_gardened_gates, serial_shops, shop, uniq_eustachio

Skill      XL: |  1  2  3  4 |
---------------+-------------+-----
Armour         | 4 |  4.8
Shields        | 4 |  4.7
Fighting       | 4 |  4.7
Maces & Flails | 3 |  3.6

Action                     |  1- 3 |  4- 6 || total
---------------------------+-------+-------++-------
  Melee: Flail             |   138 |    92 ||   230
  Throw: Dart              |       |     4 ||     4
    Use: Scroll            |       |     7 ||     7
 Armour: Scale mail        |   103 |   107 ||   210
  Dodge: Dodged            |    94 |    85 ||   179
  Block: Buckler           |    43 |    40 ||    83

Table legend: (Time is in decaauts)
 A = Elapsed time spent in this place.
 B = Non-inter-level travel time spent in this place.
 C = Inter-level travel time spent in this place.
 D = Time resting spent in this place.
 E = Time spent auto-exploring this place.
 F = Levels seen in this place.
 G = Mean time per level.
                   A        B        C        D        E       F      G
               +--------+--------+--------+--------+--------+-----+--------+
         Total |   1612 |   1568 |     44 |     46 |    956 |   4 |  403.0 |
       Dungeon |   1612 |   1568 |     44 |     46 |    956 |   4 |  403.0 |
               +--------+--------+--------+--------+--------+-----+--------+

Top non-repeatable levels by time:
     D:1: 721 daAuts
     D:2: 469 daAuts
     D:5: 266 daAuts
     D:3: 155 daAuts
